 Dungeon Crawl Stone Soup version 0.31.0-32-g396128a36d (webtiles) character file.

Game seed: 17892011570827502287

3243 spaghetti the Summoner (level 9, -8/86 HPs)
             Began as a Naga Summoner on Apr 2, 2024.
             Was an Initiate of Gozag.
             Mangled by a two-headed ogre
             ... wielding a +0 giant spiked club
              (11 damage)
             ... on level 6 of the Dungeon.
             The game lasted 00:09:12 (6497 turns).

spaghetti the Summoner (Naga Summoner)              Turns: 6497, Time: 00:09:12

Health: -8/86      AC:  8    Str:  9    XL:     9   Next: 99%
Magic:  7/16       EV: 10    Int: 18    God:    Gozag
Gold:   601        SH:  0    Dex: 17    Spells: 5/18 levels left

rFire   . . .        r - +0 scythe (venom)
rCold   . . .        (shield currently unavailable)
rNeg    . . .        a - +0 robe
rPois   +            d - +2 helmet
rElec   .            q - +0 cloak
rCorr   .            (no gloves)
SInv    +            (no barding)
Will    +....        (no amulet)
Stlth   ++           i - ring of wizardry
HPRegen 0.34/turn    (no ring)
MPRegen 0.15/turn

%: wizardry (x1)
@: gold aura, inugami summoned, very slow
A: AC +3, large, see invisible, deformed body, poison resistance, slowness 2,
spit poison 1, naga tail 1, agile 1
a: Spit Poison, Renounce Religion, Potion Petition, Call Merchant, Bribe Branch


You were on level 6 of the Dungeon.
You worshipped Gozag.
Gozag was pleased with you.
You visited 1 branch of the dungeon, and saw 6 of its levels.

You collected 805 gold pieces.
You paid 204 gold pieces to Gozag.

Inventory:

Hand Weapons
 c - a +2 short sword of venom
 r - a +0 scythe of venom (weapon)
Missiles
 t - a throwing net (quivered)
Armour
 a - a +0 robe (worn)
 d - a +2 helmet (worn)
 q - a +0 cloak (worn)
Jewellery
 i - a ring of wizardry (left hand)
 u - a ring of protection from fire
Wands
 k - a wand of charming (12)
 n - a wand of polymorph (12)
Scrolls
 e - 3 scrolls of teleportation
 f - a scroll of immolation
 h - a scroll of revelation
 j - 2 scrolls of identify
 p - a scroll of amnesia
 s - a scroll of vulnerability
Potions
 b - 2 potions of magic
 g - a potion of brilliance
 v - a potion of mutation


   Skills:
 + Level 7.2 Fighting
 - Level 1.5 Dodging
 - Level 3.0 Stealth
 - Level 5.0 Spellcasting
 - Level 10.0 Summonings
 - Level 5.0 Fire Magic


You had 5 spell levels left.
You knew the following spells:

 Your Spells              Type           Power      Damage    Failure   Level
a - Summon Blazeheart Go  Fire/Summ      31%        N/A       2%          4
b - Call Imp              Summ           80%        N/A       1%          2
c - Call Canine Familiar  Summ           40%        N/A       1%          3
d - Summon Lightning Spi  Summ/Air       22%        N/A       7%          4

Your spell library contained the following spells:

 Spells                   Type           Power      Damage    Failure   Level
 Summon Small Mammal      Summ           100%       N/A       1%          1
 Slow                     Hex            16%        N/A       5%          1
 Confusing Touch          Hex            4%         N/A       16%         3
 Sigil of Binding         Hex            4%         N/A       16%         3
 Vampiric Draining        Necr           4%         2d6       16%         3


Dungeon Overview and Level Annotations

Branches:
Dungeon (6/15)             Temple (0/1) D:6

Altars:
Gozag
Ru
Uskayaw
Xom

Annotations:
D:6 1 runed translucent door, Crazy Yiuf


Innate Abilities, Weirdness & Mutations

Your serpentine skin is tough. (AC +3)
You have supernaturally acute eyesight. (SInv)
Armour fits poorly on your strangely shaped body.
Your system is resistant to poisons. (rPois)
You cover ground very slowly.
You can spit poison.
You have a snake-like lower body.
You are agile. (Dex +4, Str/Int -1)


Message History

You are too injured to fight recklessly!
You are too injured to fight recklessly!
You are too injured to fight recklessly!
You are too injured to fight recklessly!
You are too injured to fight recklessly!
You are too injured to fight recklessly!
You are too injured to fight recklessly!
You are too injured to fight recklessly!
You are too injured to fight recklessly!
You are too injured to fight recklessly!
You are too injured to fight recklessly!
You are too injured to fight recklessly!
You are too injured to fight recklessly!
You are too injured to fight recklessly!
You are too injured to fight recklessly!
You are too injured to fight recklessly!
You are too injured to fight recklessly!
You are too injured to fight recklessly!
You are too injured to fight recklessly!
You are too injured to fight recklessly!
You are too injured to fight recklessly!
Unknown command.
Casting: Summon Blazeheart Golem (dangerous; 2% risk of failure)
Confirm with . or Enter, or press ? or * to list all spells.
You call for your canine familiar and it appears with a howl!
A vampire mosquito comes into view.
An adder comes into view.
Casting: Call Canine Familiar (safe; 1% risk of failure)
Confirm with . or Enter, or press ? or * to list all spells.
A tiny devil pulls itself out of the air.
The two-headed ogre hits you with a +0 giant spiked club!
The two-headed ogre hits you with a +0 giant club!!
Casting: Call Imp (safe; 1% risk of failure)
Confirm with . or Enter, or press ? or * to list all spells.
A fiery spirit appears, bound in slag iron.
Your cerulean imp hits the two-headed ogre but does no damage.
The two-headed ogre hits you with a +0 giant spiked club!!
* * * LOW HITPOINT WARNING * * *
The two-headed ogre hits you with a +0 giant club!
You die...
Your body crumbles into a pile of gold.

##..##..ยง.#..##.....##...........
....#.....##........###.>........
......#...#...###...# #..........
......# #....######## ###########
...#..###....#...# .'. #
...#...#..##.#.8.+ .S# #
..####[...#..#...# Y.# #
..........#..#..5#hh# #
..##.....<#..'.8@O# #
#.##.##..)...#..h#S# #
.............#.9.# .# ' #
#.##.........#.8.+ .. #
..##.........#...# ## #
.....#.......########## ###
......................# ## #.#
..............###....## ..##.##..
...............###..## .........


You could see a two-headed ogre (ally target), a sky beast, 2 hounds, 2 adders,
a friendly blazeheart golem (summoned), a friendly cerulean imp (summoned) and a
friendly inugami (summoned).

Vanquished Creatures
  Eustachio (D:4)
  Duvessa (D:6)
  A water moccasin (D:5)
  A hornet zombie (D:6)
  2 sky beasts (D:6)
  2 ogres
  2 phantoms (D:6)
  A bullfrog (D:6)
  Blork the orc (D:4)
  2 scorpions
  2 water moccasin zombies (D:6)
  2 wyvern zombies (D:6)
  Dowan (D:6)
  An electric eel (D:6)
  A bullfrog zombie (D:6)
  2 centaur zombies (D:6)
  A hound (D:5)
  An orc priest (D:3)
  A jelly (D:5)
  A gnoll bouda (D:6)
  2 iguanas
  An orc wizard (D:4)
  A killer bee zombie (D:6)
  A howler monkey zombie (D:6)
  9 adders
  5 gnolls
  2 ribbon worms (D:4)
  12 orcs
  7 ball pythons
  3 endoplasms
  3 giant cockroaches
  10 goblins
  9 jackals
  4 quokkas
  9 bats
  6 frilled lizards
  7 kobolds
  2 rats
120 creatures vanquished.

Vanquished Creatures (collateral kills)
  Grinder (D:3)
  Sigmund (D:4)
  Menkaure (D:6)
  3 phantoms (D:6)
  2 wyvern zombies (D:6)
  2 water moccasin zombies (D:6)
  A bullfrog skeleton (D:6)
  2 bullfrog zombies (D:6)
  An iguana (D:6)
  2 orc wizards (D:6)
  A killer bee zombie (D:6)
  Robin (D:3)
  6 gnolls
  An adder (D:6)
  6 orcs
  7 goblins (D:3)
  5 hobgoblins
  A jackal (D:5)
44 creatures vanquished.

Vanquished Creatures (others)
  A gnoll (D:6)
  An orc (D:6)
  6 blazeheart cores
8 creatures vanquished.

Grand Total: 172 creatures vanquished

Notes
Turn   | Place    | Note
-------+----------+-------------------------------------------
     0 | D:1      | spaghetti the Naga Summoner began the quest for the Orb.
     0 | D:1      | Reached XP level 1. HP: 15/15 MP: 3/3
   212 | D:1      | Reached XP level 2. HP: 21/22 MP: 5/5
   795 | D:1      | Reached XP level 3. HP: 21/28 MP: 6/6
   897 | D:1      | Learned a level 2 spell: Call Imp
   901 | D:1      | Learned a level 3 spell: Call Canine Familiar
  1190 | D:2      | Reached XP level 4. HP: 33/36 MP: 8/8
  1258 | D:2      | Reached skill level 5 in Summonings
  1284 | D:2      | You fall into a shaft and drop 1 floor!
  1359 | D:3      | Noticed Robin
  1379 | D:3      | Killed Robin
  1504 | D:3      | HP: 1/36 [orc priest/divine providence (13)]
  1506 | D:3      | Reached XP level 5. HP: 1/42 MP: 10/10
  1688 | D:3      | Noticed Grinder
  1698 | D:3      | Paralysed by Grinder for 5 turns
  1718 | D:3      | Killed Grinder
  1719 | D:3      | Reached skill level 6 in Summonings
  1719 | D:3      | Reached XP level 6. HP: 8/49 MP: 7/12
  1900 | D:3      | Found a sacrificial altar of Ru.
  1966 | D:3      | Learned a level 4 spell: Summon Blazeheart Golem
  1971 | D:3      | Learned a level 4 spell: Summon Lightning Spire
  1998 | D:3      | Found an opulent altar of Gozag.
  1999 | D:3      | Found a shimmering altar of Xom.
  2000 | D:3      | Found a hide-covered altar of Uskayaw.
  2285 | D:3      | Became a worshipper of Gozag Ym Sagoz the Greedy
  2414 | D:4      | Noticed Eustachio
  2434 | D:4      | Killed Eustachio
  2435 | D:4      | Reached skill level 7 in Summonings
  2435 | D:4      | Reached XP level 7. HP: 55/55 MP: 13/13
  2699 | D:4      | Reached skill level 8 in Summonings
  3034 | D:4      | Noticed Blork the orc
  3045 | D:4      | Killed Blork the orc
  3383 | D:4      | Noticed Sigmund
  3393 | D:4      | Killed Sigmund
  3394 | D:4      | Reached skill level 9 in Summonings
  3394 | D:4      | Reached XP level 8. HP: 51/62 MP: 1/14
  3569 | D:5      | Entered Level 5 of the Dungeon
  4667 | D:6      | Reached skill level 10 in Summonings
  4708 | D:6      | Reached skill level 1 in Fire Magic
  4794 | D:6      | Noticed Menkaure
  4801 | D:6      | Killed Menkaure
  5283 | D:6      | Reached skill level 5 in Fire Magic
  5283 | D:6      | Reached XP level 9. HP: 48/68 MP: 7/15
  5287 | D:6      | Reached skill level 5 in Spellcasting
  5289 | D:6      | Gained mutation: You do not regenerate when monsters are
                  | visible. [potion of mutation]
  5289 | D:6      | Lost mutation: You do not regenerate when monsters are
                  | visible. [potion of mutation]
  5289 | D:6      | Gained mutation: You are agile. (Dex +4, Str/Int -1)
                  | [potion of mutation]
  5293 | D:6      | Reached skill level 1 in Fighting
  5884 | D:6      | Found a runed translucent door.
  5885 | D:6      | Noticed Crazy Yiuf
  5955 | D:6      | Reached skill level 5 in Fighting
  6299 | D:6      | Noticed Duvessa
  6304 | D:6      | Noticed Dowan
  6310 | D:6      | Killed Dowan
  6310 | D:6      | Killed Duvessa
  6454 | D:6      | Found a staircase to the Ecumenical Temple.
  6491 | D:6      | Noticed a two-headed ogre
  6497 | D:6      | HP: 3/86 [two-headed ogre/+0 giant spiked club (34)]
  6497 | D:6      | Mangled by a two-headed ogre

Illustrated notes

Levels and vault maps discovered:
D:1:      dpeg_arrival_connections, layout_basic, minmay_misc_feat_cross
D:2:      layout_loops_ring, uniq_terence
D:3:      layout_rooms, nicolae_ru_sacrificial_ziggurat,
          chequers_temple_overflow_statue_of_worship, serial_bayou_pond_a,
          minmay_misc_feat_square, chequers_arboretum, minmay_cut_off,
          uniq_grinder, uniq_robin
D:4:      layout_gridville, uniq_sigmund, uniq_eustachio, uniq_blork_the_orc
D:5:      cheibrodos_quashed, layout_basic, kennysheep_another_room
D:6:      minmay_chambers_of_threes, layout_cave_pools,
          minmay_temple_entry_poolview, serial_undead, serial_undead_e,
          serial_undead_a, serial_undead_a, serial_undead_b, serial_undead_a,
          serial_undead_e, serial_undead_f, serial_undead_e, serial_undead_a,
          serial_undead_f, hangedman_abyss_or_decor_lesser_grid,
          serial_bayou_lagoon_b, uniq_duvessa, uniq_menkaure,
          uniq_crazy_yiuf_cottage

Skill      XL: |  1  2  3  4  5  6  7  8  9 |
---------------+----------------------------+-----
Spellcasting   | 3 4 5 |  5.0
Summonings     | 5 6 7 9 10 | 10.0
Fire Magic     | 5 |  5.0
Fighting       | 7 |  7.2
Dodging        | |  1.5
Stealth        | |  3.0

Action                     |  1- 3 |  4- 6 |  7- 9 || total
---------------------------+-------+-------+-------++-------
  Melee: Short sword       |    79 |    84 |    70 ||   233
         Unarmed           |     1 |     7 |     5 ||    13
         Punch             |       |     1 |       ||     1
         Halberd           |       |       |   185 ||   185
   Cast: Summon Small Mamm |     4 |     1 |       ||     5
         Call Canine Famil |     1 |     5 |    18 ||    24
         Call Imp          |       |     5 |    18 ||    23
         Summon Blazeheart |       |       |    19 ||    19
         Summon Lightning  |       |       |     1 ||     1
 Invoke: Potion Petition   |       |       |     1 ||     1
Ability: Spit Poison       |     3 |       |     1 ||     4
  Evoke: Wand              |       |       |     3 ||     3
    Use: Scroll            |     2 |     2 |     1 ||     5
         Potion            |       |     5 |     8 ||    13
   Stab: Sleeping          |     6 |     4 |     7 ||    17
         Distracted        |       |       |     2 ||     2
 Armour: Robe              |    65 |    91 |   255 ||   411
         Skin              |       |     5 |   116 ||   121
  Dodge: Dodged            |    30 |    84 |   205 ||   319
